 Dungeon Sprint DCSS version 0.22-a0-456-g11ed031 (webtiles) character file.

4697 Kidiri the Unseen (level 10, -9/51 (53) HPs)
             Began as a Spriggan Enchanter on June 6, 2018.
             Was a Follower of Dithmenos.
             Mangled by a tentacle (12 damage)
             ... attached to a kraken
             ... in the Dungeon (Sprint II: "The Violet Keep of Menkaure").
             The game lasted 00:07:46 (1696 turns).

Kidiri the Unseen (Spriggan Enchanter)              Turns: 1696, Time: 00:07:46

HP:   -9/51 (53)    AC:  2    Str:  4    XL:     10   Next: 21%
MP:   16/27         EV: 31    Int: 22    God:    Dithmenos [*.....]
Gold: 1417          SH:  0    Dex: 18    Spells: 22/34 levels left

rFire    . . .     SeeInvis +   a - +1 dagger
rCold    + . .     Gourm    .   (shield restricted)
rNeg     . . .     Faith    .   b - +0 robe
rPois    .         Spirit   .   (helmet restricted)
rElec    .         Reflect  .   (no cloak)
rCorr    .         Harm     .   (gloves unavailable)
MR       +....     NoTele   +   (boots unavailable)
Stlth    ++++++++..             (no amulet)
HPRegen  0.17/turn              c - ring of protection from cold
MPRegen  0.20/turn              k - +3 ring of intelligence

@: wreathed by umbra, very quick
A: very small, unfitting armour, see invisible, herbivore, speed 3, slow
metabolism 2
a: Renounce Religion


You were in the Dungeon.
You worshipped Dithmenos.
Dithmenos was aware of your devotion.
You were not hungry.

You visited 1 branch You collected 1417 gold pieces.

Inventory:

Hand Weapons
 a - a +1 dagger (weapon)
Missiles
 i - a throwing net (quivered)
Armour
 b - a +0 robe (worn)
Jewellery
 c - a ring of protection from cold (left hand)
 k - a +3 ring of intelligence (right hand)
Scrolls
 j - 4 scrolls of blinking
 m - 4 scrolls of random uselessness {unknown}
 q - 4 scrolls of remove curse {unknown}
 r - 3 scrolls of enchant weapon {unknown}
 t - a scroll of amnesia {unknown}
Potions
 e - 3 potions of curing
 f - 3 potions of heal wounds
 g - a potion of haste
 h - 4 potions of magic
 n - 3 potions of resistance
 o - a potion of agility
 p - 7 potions of flight
 u - a potion of cancellation
Comestibles
 d - 8 rations


   Skills:
 + Level 6.1 Fighting
 * Level 11.3 Short Blades
 + Level 5.5 Armour
 * Level 14.5 Dodging
 * Level 15.8 Stealth
 * Level 12.5 Spellcasting
 + Level 9.7 Hexes


You had 22 spell levels left.
You knew the following spells:

 Your Spells              Type           Power        Failure   Level  Hunger
a - Corona                Hex            ######.      1%          1    None
b - Ensorcelled Hibernat  Hex/Ice        #####.       1%          2    None
c - Confuse               Hex            ######..     1%          3    None
d - Tukima's Dance        Hex            ######..     1%          3    None
e - Dazzling Spray        Conj/Hex       #####.       1%          3    None

Your spell library contained the following spells:

 Spells                   Type           Power        Failure   Level  Hunger


Dungeon Overview and Level Annotations

Branches:
Dungeon (1/1)

Altars:
Cheibriados
Dithmenos
Elyvilon
Fedhas
Gozag
Hepliaklqana
Kikubaaqudgha
Makhleb
Nemelex Xobeh
Okawaru
Qazlal
Ru
Sif Muna
Trog
Uskayaw
Vehumet
Wu Jian
Xom
Yredelemnul
Zin
The Shining One
Beogh
Jiyva
Lugonu

Shops:
D =:[*:!:[=(*!?!}%

Annotations:
D exclusions: oklob plant and swamp drake


Innate Abilities, Weirdness & Mutations

You are very small and have problems with some larger weapons.
You are too small for most types of armour.
You have supernaturally acute eyesight. (SInv)
You are a herbivore.
You cover ground extremely quickly.
You need to consume almost no food.


Message History

The spray of energy hits the tentacle.
The tentacle is moderately wounded.
The spray of energy hits the tentacle.
The tentacle is moderately wounded.
The spray of energy hits the kraken.
The kraken is lightly wounded.
The tentacle completely misses you. The tentacle closely misses you.
The kraken bites you!!!
Ouch! That really hurt!
* * * LOW HITPOINT WARNING * * *
The tentacle completely misses you. x2
Unknown command.
The tentacle completely misses you. x2
Unknown command.
There is an open door here.
Unknown command.
Unknown command.
Unknown command.
The tentacle slaps you!
You die...

.....#*#§.§▓≈≈≈≈≈≈≈≈▓▓*,,,,*,++++
#....#,##§§▓▓▓▓▓▓▓▓▓▓▓*+**,*,+≈,,
+....#,k#§§▓(....)..▓▓,,,*,*,+≈,,
####.#,k#})▓......(.▓▓,⌠,*,*,+≈,,
#..+†##.#")▓)..).().▓▓,,,*,*,+≈,,
#..#†..####▓....(().▓▓,,,*,*,+≈,,
#####..##.#▓.)[.()..▓▓,,,*,*,+≈,,
.#.(+..#.÷#▓.......)▓▓,,,*,*,+≈,,
.#.†#.^#..#▓.(..@.(.▓▓,⌠,*,*,*≈,,
.####..##)#▓)..).w[.▓▓,,,*,*,*≈,,
...###...##▓▓▓▓▓▓▓\▓▓▓▓+▓*,***≈,,
.....≈≈≈≈≈≈≈≈≈≈≈≈≈.\wXw≈▓,,,,,,,,
.....≈#+########+###V≈w≈▓,,,,,,,*
≈§≈§.≈#_._._...#≈§§##≈≈≈▓,,,,,,**
≈≈≈≈.≈#._._._._#≈§≈≈*###▓****≈**
§≈≈≈≈≈#_._._._.#≈≈§≈≈#*,,*,,*≈*
≈≈≈≈≈≈#._._._._#§§t≈§≈*,,*,,*≈*


You could see a kraken and 4 tentacles.

Vanquished Creatures
  A death yak (D)
  2 unseen horrors (D)
  A merfolk siren (D)
  2 spiny frogs (D)
  A yaktaur (D)
  3 polar bears (D)
  2 tyrant leeches (D)
  A hornet (D)
  A blink frog (D)
  Menkaure (D)
  4 necrophages (D)
  A crocodile (D)
  4 worker ants (D)
24 creatures vanquished.

Vanquished Creatures (others)
  8 tentacles (D)
8 creatures vanquished.

Grand Total: 32 creatures vanquished

Notes
Turn   | Place    | Note
-------+----------+-------------------------------------------
     0 | D        | Kidiri the Spriggan Enchanter began the quest for the Orb.
     0 | D        | Reached XP level 1. HP: 9/9 MP: 5/5
     1 | D        | Noticed a necrophage
     1 | D        | Noticed a necrophage
     1 | D        | Noticed a necrophage
     1 | D        | Noticed a necrophage
     9 | D        | Killed a necrophage
     9 | D        | Reached skill level 1 in Fighting
     9 | D        | Reached skill level 1 in Armour
     9 | D        | Reached skill level 5 in Dodging
     9 | D        | Reached skill level 7 in Stealth
     9 | D        | Reached skill level 5 in Spellcasting
     9 | D        | Reached XP level 2. HP: 15/15 MP: 3/9
     9 | D        | Reached XP level 3. HP: 18/18 MP: 3/10
     9 | D        | Reached XP level 4. HP: 23/23 MP: 3/12
    14 | D        | Killed a necrophage
    14 | D        | Reached skill level 8 in Stealth
    14 | D        | Reached skill level 5 in Hexes
    14 | D        | Reached XP level 5. HP: 27/27 MP: 3/14
    24 | D        | Killed a necrophage
    24 | D        | Reached skill level 5 in Short Blades
    24 | D        | Reached skill level 9 in Stealth
    52 | D        | Killed a necrophage
    52 | D        | Reached XP level 6. HP: 19/30 MP: 3/17
    56 | D        | Learned a level 2 spell: Ensorcelled Hibernation
    60 | D        | Learned a level 3 spell: Confuse
    64 | D        | Learned a level 3 spell: Tukima's Dance
    68 | D        | Learned a level 3 spell: Dazzling Spray
   160 | D        | Noticed a tyrant leech
   160 | D        | Noticed a tyrant leech
   163 | D        | Noticed a merfolk siren
   166 | D        | Killed a merfolk siren
   166 | D        | Reached skill level 10 in Dodging
   166 | D        | Reached skill level 11 in Stealth
   166 | D        | Reached XP level 7. HP: 35/35 MP: 18/20
   222 | D        | Killed a tyrant leech
   222 | D        | Reached skill level 12 in Stealth
   231 | D        | Killed a tyrant leech
   231 | D        | Reached XP level 8. HP: 40/40 MP: 5/22
   329 | D        | Noticed an obsidian statue
   332 | D        | Noticed Menkaure
   339 | D        | Killed Menkaure
   344 | D        | Found Qeulaf's Gadget Boutique.
   344 | D        | Found Qepluos's Food Shop.
   346 | D        | Found Viadass's Distillery.
   346 | D        | Found Goextiarr's Magic Scroll Boutique.
   346 | D        | Found Keyg Voh's Distillery.
   347 | D        | Found Xame's Antique Armour Boutique.
   347 | D        | Found Uzucehy's Jewellery Shop.
   347 | D        | Found Pamed's Antique Weapon Boutique.
   347 | D        | Found Veatum's Assorted Antiques.
   353 | D        | Found Iwugyak's Book Shop.
   353 | D        | Found Geasell Icif's Distillery.
   353 | D        | Found Japsatt's Book Boutique.
   425 | D        | Noticed a blink frog
   427 | D        | Killed a blink frog
   427 | D        | Reached skill level 13 in Stealth
   427 | D        | Reached skill level 10 in Spellcasting
   438 | D        | Found Ytwedaqi's General Store.
   438 | D        | Found Eggaffot's Antique Armour Shop.
   438 | D        | Noticed an oklob plant
   439 | D        | Found Yfueh's Book Shoppe.
   439 | D        | Found Nithrog's Jewellery Boutique.
   440 | D        | Noticed a hippogriff
   440 | D        | Noticed a hippogriff
   441 | D        | Noticed a hippogriff
   500 | D        | Found an iron altar of Okawaru.
   500 | D        | Found an opulent altar of Gozag.
   501 | D        | Found a sparkling altar of Nemelex Xobeh.
   501 | D        | Found a blossoming altar of Fedhas.
   502 | D        | Found a radiant altar of Vehumet.
   502 | D        | Found a burning altar of Makhleb.
   502 | D        | Found a white marble altar of Elyvilon.
   503 | D        | Found a hide-covered altar of Uskayaw.
   503 | D        | Found a corrupted altar of Lugonu.
   503 | D        | Found a shadowy altar of Dithmenos.
   504 | D        | Found a glowing silver altar of Zin.
   504 | D        | Found a bloodstained altar of Trog.
   504 | D        | Found an ancient bone altar of Kikubaaqudgha.
   504 | D        | Found a snail-covered altar of Cheibriados.
   505 | D        | Found a basalt altar of Yredelemnul.
   505 | D        | Found a deep blue altar of Sif Muna.
   505 | D        | Found a viscous altar of Jiyva.
   506 | D        | Found a shimmering altar of Xom.
   506 | D        | Found a sacrificial altar of Ru.
   507 | D        | Found a glowing golden altar of the Shining One.
   507 | D        | Found an ornate altar of the Wu Jian Council.
   508 | D        | Noticed a yaktaur
   508 | D        | Noticed a hornet
   508 | D        | Noticed a polar bear
   509 | D        | Noticed a polar bear
   509 | D        | Noticed a polar bear
   515 | D        | Killed a polar bear
   517 | D        | Killed a hornet
   519 | D        | Killed a yaktaur
   519 | D        | Reached skill level 5 in Fighting
   519 | D        | Reached XP level 9. HP: 37/45 MP: 14/24
   523 | D        | Killed a polar bear
   523 | D        | Reached skill level 14 in Stealth
   527 | D        | Killed a polar bear
   527 | D        | Reached skill level 10 in Short Blades
   535 | D        | Found a stormy altar of Qazlal.
   537 | D        | Found a hazy altar of Hepliaklqana.
   538 | D        | Found a roughly hewn altar of Beogh.
   551 | D        | Became a worshipper of Dithmenos the Shadowed
   568 | D        | Noticed a death yak
   773 | D        | Noticed a spiny frog
   773 | D        | Noticed a spiny frog
   776 | D        | Killed a spiny frog
   778 | D        | Killed a spiny frog
   778 | D        | Reached skill level 5 in Armour
   791 | D        | Noticed a deep elf master archer
   811 | D        | Noticed an unseen horror
   811 | D        | Noticed an unseen horror
   813 | D        | Killed an unseen horror
   813 | D        | Reached * piety under Dithmenos
   813 | D        | Reached skill level 15 in Stealth
   817 | D        | Killed an unseen horror
   817 | D        | Reached XP level 10. HP: 51/51 MP: 19/27
   876 | D        | Killed a death yak
   934 | D        | Noticed a death drake
   945 | D        | Noticed a kraken
  1696 | D        | Mangled by a tentacle

Vault maps used:
D:        the_violet_keep_of_menkaure

Skill      XL: |  1  2  3  4  5  6  7  8  9 10 |
---------------+-------------------------------+-----
Fighting       | 1 2 3 4 5 6 |  6.1
Short Blades   | 3 4 6 7 8 9 11 | 11.3
Armour         | 1 2 3 4 5 |  5.5
Dodging        | 5 7 8 10 11 12 14 | 14.5
Stealth        | 7 8 9 11 12 13 15 | 15.8
Spellcasting   | 5 6 7 8 9 10 12 | 12.5
Hexes          | 4 5 6 7 8 9 |  9.7

Action                   |  1- 3 |  4- 6 |  7- 9 | 10-12 || total
-------------------------+-------+-------+-------+-------++-------
Melee: Dagger            |     5 |    37 |    50 |    19 ||   111
 Cast: Corona            |     2 |     5 |       |       ||     7
       Ensorcelled Hiber |       |       |    14 |     7 ||    21
       Confuse           |       |       |     9 |     4 ||    13
       Dazzling Spray    |       |       |       |    18 ||    18
  Use: Potion            |     1 |       |       |     1 ||     2
       Scroll            |       |       |       |     6 ||     6
 Stab: Sleeping          |       |     1 |    11 |     1 ||    13
       Confused          |       |       |    12 |       ||    12
       Invisible         |       |       |       |     4 ||     4
Dodge: Dodged            |     4 |    28 |    22 |    34 ||    88

Table legend:
 A = Spawn XP
 B = Non-spawn XP
 C = Spawn XP percentage of total XP
 D = Spawn monster count
 E = Non-spawn monster count
 F = Spawn count percentage of total count
 G = Total turns spent on level
                    A         B        C        D         E        F      G
               +---------+---------+-------+---------+---------+-------+---------
         Total |       0 |    6710 |   0.0 |       0 |      24 |   0.0 |  1696
               +---------+---------+-------+---------+---------+-------+---------
             D |       0 |    6710 |   0.0 |       0 |      24 |   0.0 |  1696
               +---------+---------+-------+---------+---------+-------+---------
